 Dungeon Crawl Stone Soup version 0.31.0-12-g77e489cdc1 (webtiles) character file.

Game seed: 2654904393924158668

96269 Metae the Fighter (level 15, -2/139 HPs)
             Began as a Minotaur Fighter on Feb 19, 2024.
             Was a Priest of Uskayaw.
             Killed by an exploding bloated husk (22 damage)
             ... on level 2 of the Swamp on Feb 20, 2024.
             The game lasted 01:22:24 (22392 turns).

Metae the Fighter (Minotaur Fighter)               Turns: 22392, Time: 01:22:25

Health: -2/139     AC: 24    Str: 30    XL:     15   Next: 68%
Magic:  21/21      EV: 13    Int:  1    God:    Uskayaw [***...]
Gold:   1862       SH: 23    Dex: 16    Spells: 14/14 levels left

rFire   . . .        S - +0 scimitar (flame)
rCold   . . .        Z - +0 tower shield
rNeg    + . .        l - +0 plate armour {rPois}
rPois   +            B - +0 hat
rElec   +            J - +2 ratskin cloak {*Rats rPois rN+ Str-1 Int-1 Dex+1}
rCorr   +            G - +2 pair of gloves {Dex+3}
SInv    .            (no boots)
Will    ++...        Y - amulet of Zocorgh {Reflect rElec SH+5} Stlth
                     V - ring "Tihelaol" {Will+ rCorr Str+3 Int-3 Dex+2}
HPRegen 0.43/turn    p - ring of flight
MPRegen 0.17/turn

%: reflection
@: flying, studying Shields
A: horns 2, retaliatory headbutt, deterioration 1, inability to read after
injury 1
a: Renounce Religion, Stomp, Line Pass


You were on level 2 of the Swamp.
You worshipped Uskayaw.
Uskayaw was aware of your devotion.
You visited 5 branches of the dungeon, and saw 20 of its levels.
You also visited: Bailey and Gauntlet.

You collected 2468 gold pieces.
You spent 606 gold pieces at shops.

Inventory:

Hand Weapons
 t - the +1 falchion "Xosyk" {protect, rN++ Dex+5 Stlth+}
   (You found it on level 3 of the Dungeon)

   Dex+5:     It affects your dexterity (+5).
   rN++:      It greatly protects you from negative energy.
   Stlth+:    It makes you more stealthy.
 S - a +0 scimitar of flaming (weapon)
 W - the +10 long sword "Udoloun" {elec, rPois Int+3 Stlth+}
   (You found it on level 2 of the Lair of Beasts)

   Int+3:     It affects your intelligence (+3).
   rPois:     It protects you from poison Stlth+: It makes you more stealthy.
Armour
 l - a +0 plate armour of poison resistance (worn)
 m - a +2 cloak
 B - a +0 hat (worn)
 G - a +2 pair of gloves of dexterity (worn)
 J - the +2 ratskin cloak (worn) {*Rats rPois rN+ Str-1 Int-1 Dex+1}
   (You found it on level 9 of the Dungeon)

   *Rats:     When the wearer is hurt, rats may emerge from it to assist them.
   Str-1:     It affects your strength (-1).
   Int-1:     It affects your intelligence (-1).
   Dex+1:     It affects your dexterity (+1).
   rPois:     It protects you from poison rN+: It protects you from negative
   energy.
 Z - a +0 tower shield (worn)
Jewellery
 b - the ring "Diaroide" {*Corrode Will+ Str+4 Dex+5}
   (You found it on level 10 of the Dungeon)

   [ring of willpower]

   Str+4:     It affects your strength (+4).
   Dex+5:     It affects your dexterity (+5).
   Will+:     It increases your willpower.
   *Corrode:  It may corrode you when you take damage.
 h - a +6 ring of strength
 n - the amulet of Elemental Vulnerability {rPois rF-- rC-- AC+8}
   (You found it on level 2 of the Dungeon)

   [amulet of nothing]

   AC+8:      It affects your AC (+8).
   rF--:      It makes you very vulnerable to fire.
   rC--:      It makes you very vulnerable to cold.
   rPois:     It protects you from poison
 p - a ring of flight (right hand)
 H - a ring of see invisible
 I - a +5 ring of evasion
 Q - a +6 ring of dexterity
 V - the ring "Tihelaol" (left hand) {Will+ rCorr Str+3 Int-3 Dex+2}
   (You found it on level 2 of the Lair of Beasts)

   [ring of willpower]

   Str+3:     It affects your strength (+3).
   Int-3:     It affects your intelligence (-3).
   Dex+2:     It affects your dexterity (+2).
   Will+:     It increases your willpower.
   rCorr:     It protects you from acid and corrosion.
 Y - the amulet of Zocorgh (around neck) {Reflect rElec SH+5}
   (You found it in a Gauntlet)

   [amulet of reflection]

   Reflect:   It reflects blocked missile attacks.
   rElec:     It insulates you from electricity.
   SH+5:      It affects your SH (+5).
Talismans
 c - a storm talisman
Wands
 o - a wand of mindburst (15)
 u - a wand of flame (31)
 w - a wand of polymorph (41)
 F - a wand of roots (32)
 P - a wand of paralysis (13)
Scrolls
 a - 5 scrolls of poison
 e - 9 scrolls of teleportation
 g - 3 scrolls of brand weapon
 i - 4 scrolls of enchant armour
 s - 2 scrolls of revelation
 v - 2 scrolls of blinking
 A - 3 scrolls of butterflies
 K - 4 scrolls of fear
 M - 4 scrolls of enchant weapon
 N - 5 scrolls of fog
 T - 2 scrolls of amnesia
Potions
 d - 3 potions of might
 f - 2 potions of resistance
 j - 10 potions of curing
 k - 4 potions of brilliance
 q - 2 potions of berserk rage
 r - 3 potions of haste
 x - 4 potions of cancellation
 z - 2 potions of heal wounds
 C - 4 potions of enlightenment
 L - a potion of magic
 U - a potion of invisibility
Miscellaneous
 X - a tin of tremorstones (1/2)


   Skills:
 + Level 14.8 Fighting
 + Level 14.1 Long Blades
 - Level 3.1 Polearms
 + Level 14.7 Armour
 + Level 13.1 Dodging
 + Level 13.6 Shields
 - Level 10.2 Invocations
 + Level 7.8 Evocations


You had 14 spell levels left.
You didn't know any spells.
Your spell library contained the following spells:

 Spells                   Type           Power      Damage    Failure   Level
 Foxfire                  Conj/Fire      0%         2x1d4     100%        1
 Blink                    Tloc           0%         N/A       100%        2
 Jinxbite                 Hex            0%         N/A       100%        2
 Lesser Beckoning         Tloc           0%         N/A       100%        2
 Momentum Strike          Conj/Tloc      0%         3d8       100%        2
 Scorch                   Fire           0%         2d5       100%        2
 Call Canine Familiar     Summ           0%         N/A       100%        3
 Gell's Gravitas          Tloc           0%         N/A       100%        3
 Sigil of Binding         Hex            0%         N/A       100%        3
 Teleport Other           Tloc           0%         N/A       100%        3
 Volatile Blastmotes      Fire/Tloc      0%         2d10      100%        3
 Dimensional Bullseye     Hex/Tloc       0%         N/A       100%        4
 Flame Wave               Conj/Fire      0%         2d4       100%        4
 Fulminant Prism          Conj/Alch      0%         3d5       100%        4
 Iskenderun's Mystic Bla  Conj/Tloc      0%         2d3       100%        4
 Silence                  Hex/Air        0%         N/A       100%        5
 Summon Forest            Summ/Tloc      0%         N/A       100%        5
 Yara's Violent Unravell  Hex/Alch       0%         3d3       100%        5
 Dispersal                Tloc           0%         N/A       100%        6
 Plasma Beam              Fire/Air       0%         2x1d10    100%        6
 Starburst                Conj/Fire      0%         6d3       100%        6
 Summon Cactus Giant      Summ           0%         N/A       100%        6
 Enfeeble                 Hex            0%         N/A       100%        7
 Malign Gateway           Summ/Tloc      0%         N/A       100%        7


Dungeon Overview and Level Annotations

Branches:
Dungeon (10/15)            Temple (1/1) D:6            Lair (5/5) D:10
  Swamp (2/4) Lair:3       Spider (0/4) Lair:3        Slime (0/5) Lair:4
    Orc (2/2) D:10            Elf (0/3) Orc:2        Bailey (visited)
Gauntlet (visited)

Altars:
Ashenzari
Cheibriados
Dithmenos
Elyvilon
Fedhas
Gozag
Hepliaklqana
Kikubaaqudgha
Makhleb
Nemelex Xobeh
Okawaru
Qazlal
Ru
Sif Muna
Trog
Uskayaw
Vehumet
Wu Jian
Xom
Yredelemnul
Zin
The Shining One
Jiyva

Shops:
D:4 ?   D:7 !:?   D:8 [   Orc:2 :?[:

Annotations:
Swamp:1 2 transporters, Frank's ghost, journeyman DsFi


Innate Abilities, Weirdness & Mutations

You have a pair of horns on your head.
You reflexively headbutt those who attack you in melee.
Your body sometimes deteriorates upon taking damage.
You occasionally lose the ability to read scrolls when taking damage.


Message History

The alligator is no longer sharing its pain.
The alligator attacks as it pursues you!
The alligator tail-slaps you but does no damage.
You block the alligator's attack. You block the spriggan rider's attack.
The bog body is no longer sharing its pain.
The alligator attacks as it pursues you!
You block the alligator's attack. x2; The alligator barely misses you.
You block the alligator's attack.
You hit the alligator. You burn the alligator. You headbutt the alligator.
You kill the alligator!
Roots burst forth from the earth!
The grasping roots grab you! The grasping roots constrict you.
You block the alligator's attack. The alligator bites you.
* * * LOW HITPOINT WARNING * * *
You escape the roots grasp.
The spriggan rider is no longer sharing its pain.
Roots burst forth from the earth!
The grasping roots grab you! The grasping roots constrict you!
* * * LOW HITPOINT WARNING * * *
The alligator attacks as it pursues you!
The alligator tail-slaps you but does no damage.
You block the alligator's attack. You block the spriggan rider's attack.
You escape the roots grasp.
The bloated husk is no longer sharing its pain.
The spriggan rider attacks as it pursues you!
You block the spriggan rider's attack.
The alligator attacks as it pursues you!
The alligator closely misses you.
The alligator bites you but does no damage.
Uskayaw prepares the audience for your solo!
The alligator is no longer paralysed.
You block the alligator's attack. x2
The bloated husk attacks as it pursues you!
The bloated husk explodes!
The blast of putrescent gases engulfs the alligator!!
The alligator dies!
The blast of putrescent gases engulfs you!!
You die...

.~...#. ♣.♣..♣♣ ♣♣
..~....♣♣n..~.♣♣~. .~~~
...........♣~~..~. ♣..~
.~.....in.(#.~~.♣ ♣.~♣
.§.♣.#.....#.~§.~ ♣..♣
.~♣♣.##.####.♣♣♣~ ♣.~♣
..~~..).n.....~♣ ♣~.♣
~...~)....i....♣♣♣♣♣♣♣.~♣♣ ♣♣♣
....♣~♣♣♣♣♣.†@.♣♣.♣~♣~)~~♣♣..♣
.~. ♣♣ ♣♣~~~.~...~~<<~~.... ♣♣
♣...~.....~~<<~...~~
♣♣.♣.♣♣♣..♣§~~~♣..♣♣
♣♣♣.♣♣♣♣♣♣♣.~♣♣♣♣♣ ♣♣.♣♣
♣~..~♣ ♣♣.♣ ♣..~♣♣ ♣..♣ ♣....♣
. ♣..♣ ♣♣.~♣♣ ~~.


You could see a spriggan rider and a bog body.

Vanquished Creatures
  2 orc warlords
  The ghost of Taxzan the Cleaver, a journeyman MiGl of Okawaru (Lair:1)
  3 eleionomae
  2 dire elephants
  A minotaur (Gauntlet)
  An ice dragon (Lair:5)
  A hell beast (Gauntlet)
  6 alligators
  4 hydras
  Erica (D:9)
  5 boulder beetles
  2 ogre magi (Orc:2)
  5 two-headed ogres (Orc:2)
  A catoblepas (Lair:1)
  The ghost of Suckerboh the Basher, a novice MiFi of the Shining One (D:9)
  A death yak (Lair:2)
  Urug (Lair:1)
  4 orc high priests (Orc:2)
  A soul eater (Gauntlet)
  A skeletal warrior (D:8)
  2 skysharks
  An orb spider (Lair:3)
  2 bog bodies (Lair:3)
  A lindwurm (Lair:5)
  A wolf spider (Lair:5)
  4 orc sorcerers
  A manticore (Lair:3)
  15 elephants
  A guardian serpent (Lair:5)
  13 black mambas
  5 torpor snails (Lair:5)
  Maggie (D:8)
  22 cane toads
  2 minotaur zombies (Gauntlet)
  3 rime drakes
  8 komodo dragons
  A troll (Orc:2)
  3 polar bears
  12 hornets
  5 tyrant leeches
  14 blink frogs
  4 dream sheep (Lair:5)
  A spriggan (Swamp:1)
  A vampire (D:10)
  A wraith (D:9)
  52 yaks
  16 wyverns
  4 fire bats (D:9)
  3 neqoxecs (D:9)
  A fire elemental (D:9)
  15 wargs
  12 vampire mosquitoes
  2 redbacks (Lair:5)
  7 swamp worms
  3 acid dragons
  3 hell hounds
  22 water moccasins
  A swamp drake (Swamp:1)
  3 black bears
  4 ice beasts
  23 orc warriors
  2 sky beasts
  8 ogres
  A wolf (D:7)
  5 centaurs
  3 phantoms
  2 kobold brigands (D:9)
  A weeping skull (D:7)
  4 scorpions
  14 bullfrogs
  31 wights
  A howler monkey (D:5)
  3 electric eels (Lair:2)
  2 lava snakes (D:9)
  A bombardier beetle (D:6)
  3 quasits (D:9)
  4 jellies
  29 orc priests
  A gnoll bouda (D:7)
  6 hounds
  Crazy Yiuf (D:5)
  4 sleepcaps
  4 iguanas
  Ijyb (D:3)
  Terence (D:3)
  Natasha (thrice) (D:4)
  17 orc wizards
  13 gnolls
  8 adders
  4 shadow imps
  2 white imps
  2 ufetubi (D:6)
  A ribbon worm (D:5)
  101 orcs
  5 ball pythons
  2 bats (D:1)
  5 endoplasms
  A giant cockroach (D:4)
  4 hobgoblins
  8 jackals
  2 quokkas
  A frilled lizard (D:2)
  7 goblins
  26 kobolds
  7 rats
  A spectral orc (D:7)
691 creatures vanquished.

Vanquished Creatures (collateral kills)
  A hydra (Lair:5)
  An elephant (Lair:1)
  A komodo dragon (D:10)
  A tyrant leech (Swamp:1)
  2 yaks
  5 orcs
11 creatures vanquished.

Vanquished Creatures (others)
  An eleionoma (Swamp:2)
  An alligator (Swamp:2)
  A spriggan (Swamp:2)
  A lindwurm (Lair:2)
  6 bloated husks
  A hornet (Swamp:2)
11 creatures vanquished.

Grand Total: 713 creatures vanquished

Notes
Turn   | Place    | Note
-------+----------+-------------------------------------------
     0 | D:1      | Metae the Minotaur Fighter began the quest for the Orb.
     0 | D:1      | Reached XP level 1. HP: 19/19 MP: 0/0
   307 | D:1      | Reached XP level 2. HP: 27/27 MP: 1/1
   620 | D:2      | Identified the +1 leather armour of Vyublenu {Fly rN+ rCorr
                  | Str-5}
   634 | D:2      | Found the amulet of Elemental Vulnerability {rPois rF--
                  | rC-- AC+8}
   736 | D:2      | Reached skill level 1 in Dodging
   781 | D:2      | Reached XP level 3. HP: 33/33 MP: 2/2
  1328 | D:3      | Identified the +1 falchion "Xosyk" {protect, rN++ Dex+5
                  | Stlth+}
  1427 | D:3      | Found a radiant altar of Vehumet.
  1471 | D:3      | Reached XP level 4. HP: 40/40 MP: 3/3
  1483 | D:3      | Reached skill level 1 in Long Blades
  1668 | D:3      | Noticed Terence
  1677 | D:3      | Killed Terence
  1678 | D:3      | Reached XP level 5. HP: 38/47 MP: 4/4
  1817 | D:3      | Noticed Ijyb
  1841 | D:3      | Killed Ijyb
  2036 | D:4      | Noticed a phantom
  2048 | D:4      | Killed a phantom
  2062 | D:4      | Reached skill level 5 in Shields
  2062 | D:4      | Reached XP level 6. HP: 39/55 MP: 5/5
  2067 | D:4      | Reached skill level 5 in Fighting
  2067 | D:4      | Reached skill level 5 in Armour
  2325 | D:4      | Noticed Natasha
  2332 | D:4      | Killed Natasha
  2364 | D:4      | Found a shimmering altar of Xom.
  2393 | D:4      | Reached XP level 7. HP: 61/61 MP: 6/6
  2428 | D:4      | Found Liutato's Magic Scroll Emporium.
  2432 | D:4      | Bought a scroll of revelation for 90 gold pieces
  2432 | D:4      | Bought a scroll of teleportation for 36 gold pieces
  2432 | D:4      | Bought a scroll of identify for 24 gold pieces
  2471 | D:4      | Noticed Natasha
  2481 | D:4      | Killed Natasha
  2520 | D:4      | Noticed Natasha
  2527 | D:4      | Killed Natasha
  2653 | D:5      | Entered Level 5 of the Dungeon
  2734 | D:5      | Found an opulent altar of Gozag.
  2909 | D:5      | Reached XP level 8. HP: 69/70 MP: 7/7
  3099 | D:5      | Found a runed translucent door.
  3100 | D:5      | Noticed Crazy Yiuf
  3108 | D:5      | Killed Crazy Yiuf
  3293 | D:5      | Found a sparkling altar of Nemelex Xobeh.
  3572 | D:6      | Reached skill level 1 in Evocations
  3595 | D:6      | Reached skill level 5 in Long Blades
  3595 | D:6      | Reached skill level 5 in Dodging
  3812 | D:6      | Reached XP level 9. HP: 53/79 MP: 8/8
  3937 | D:6      | Found a staircase to the Ecumenical Temple.
  4025 | Temple   | Entered the Ecumenical Temple
  4044 | Temple   | Became a worshipper of Uskayaw the Reveller
  4328 | D:6      | Reached * piety under Uskayaw
  4785 | D:7      | Found a basalt altar of Yredelemnul.
  4793 | D:7      | Reached ** piety under Uskayaw
  4803 | D:7      | Reached *** piety under Uskayaw
  4810 | D:7      | Reached **** piety under Uskayaw
  4812 | D:7      | Found Raan Fith's Magic Scroll Shoppe.
  4870 | D:7      | Reached skill level 1 in Invocations
  4873 | D:7      | Reached ***** piety under Uskayaw
  4904 | D:7      | Found Nosorch's Distillery.
  4943 | D:7      | Found a flagged portal.
  4954 | Bailey   | Entered a bailey
  4999 | Bailey   | Noticed an orc warlord
  5100 | Bailey   | Found a runed translucent gate.
  5103 | Bailey   | Found a runed translucent gate.
  5104 | Bailey   | Found a runed translucent gate.
  5303 | Bailey   | HP: 4/81 [orc warlord/+6 executioner's axe (11)]
  5304 | Bailey   | Killed an orc warlord
  5305 | Bailey   | Reached XP level 10. HP: 4/88 MP: 9/11
  5676 | Bailey   | Reached skill level 5 in Evocations
  5676 | Bailey   | Reached XP level 11. HP: 99/99 MP: 11/13
  5762 | D:7      | Bought a scroll of identify for 26 gold pieces
  5762 | D:7      | Bought a scroll of revelation for 97 gold pieces
  5859 | D:7      | Found Gagomn's Tremendous Tomes.
  5909 | D:7      | Bought a potion of might for 64 gold pieces
  5909 | D:7      | Bought a potion of heal wounds for 80 gold pieces
  6068 | D:7      | Reached skill level 5 in Invocations
  6401 | D:8      | Found an iron altar of Okawaru.
  6570 | D:8      | Found an ancient bone altar of Kikubaaqudgha.
  6571 | D:8      | Noticed a skeletal warrior
  6600 | D:8      | Killed a skeletal warrior
  6727 | D:8      | Reached skill level 10 in Fighting
  6729 | D:8      | Reached skill level 10 in Armour
  6969 | D:8      | Noticed Maggie
  6988 | D:8      | Killed Maggie
  7181 | D:8      | Found Qebbon's Antique Armour Shoppe.
  7767 | D:9      | Found a transporter.
  7770 | D:9      | Noticed Suckerboh's ghost (novice MiFi)
  7850 | D:9      | Found a transporter.
  8080 | D:9      | Got Siuch's Volume of Movement and Interference
  8111 | D:9      | Noticed Erica
  8121 | D:9      | Killed Erica
  8226 | D:9      | Found the +2 ratskin cloak {*Rats rPois rN+ Str-1 Int-1
                  | Dex+1}
  8425 | D:9      | Gained mutation: You occasionally lose the ability to read
                  | scrolls when taking damage. [a neqoxec]
  8432 | D:9      | Killed Suckerboh's ghost
  8433 | D:9      | Gained mutation: Your body sometimes deteriorates upon
                  | taking damage. [a neqoxec]
  8443 | D:9      | Reached ****** piety under Uskayaw
  8637 | D:10     | Entered Level 10 of the Dungeon
  8682 | D:10     | Identified the ring "Diaroide" {*Corrode Will+ Str+4 Dex+5}
  8837 | D:10     | Reached XP level 12. HP: 102/108 MP: 15/15
  8881 | D:10     | Found a staircase to the Lair.
  9465 | D:10     | Found a staircase to the Orcish Mines.
  9557 | Lair:1   | Entered Level 1 of the Lair of Beasts
  9572 | Lair:1   | Reached skill level 10 in Long Blades
  9836 | Lair:1   | Noticed a catoblepas
  9869 | Lair:1   | Killed a catoblepas
 10015 | Lair:1   | Found a runed translucent door.
 10018 | Lair:1   | Noticed Taxzan's ghost (journeyman MiGl)
 10077 | Lair:1   | Reached skill level 10 in Dodging
 10148 | Lair:1   | Noticed a boulder beetle
 10209 | Lair:1   | Killed a boulder beetle
 10553 | Lair:1   | Noticed Urug
 10571 | Lair:1   | Killed Urug
 10969 | Lair:1   | Killed Taxzan's ghost
 11265 | Lair:2   | Reached XP level 13. HP: 114/117 MP: 17/17
 12216 | Lair:2   | Noticed a dire elephant
 12236 | Lair:2   | Found a runed translucent door.
 12743 | Lair:2   | Killed a dire elephant
 13155 | Lair:2   | Identified the ring "Tihelaol" {Will+ rCorr Str+3 Int-3
                  | Dex+2}
 13161 | Lair:2   | Identified the +10 long sword "Udoloun" {elec, rPois Int+3
                  | Stlth+}
 13313 | Lair:3   | Identified the maw talisman of Caniku {Will- Int+3 Dex+2}
 13527 | Lair:3   | Found a hole to the Spider Nest.
 14251 | Lair:3   | Found a staircase to the Swamp.
 14736 | Lair:4   | Found a gate leading to a gauntlet.
 14767 | Lair:4   | Reached XP level 14. HP: 79/127 MP: 19/19
 14770 | Lair:4   | Found a staircase to the Slime Pits.
 14770 | Lair:4   | Found a viscous altar of Jiyva.
 14932 | Gauntlet | Entered a Gauntlet
 14932 | Gauntlet | Found a transporter.
 14932 | Gauntlet | Found a transporter.
 14934 | Gauntlet | Found a transporter.
 14934 | Gauntlet | Found a transporter.
 14937 | Gauntlet | Found a transporter.
 14937 | Gauntlet | Found a transporter.
 14954 | Gauntlet | Found a transporter.
 14956 | Gauntlet | Found a transporter.
 15046 | Gauntlet | Found a transporter.
 15077 | Gauntlet | Found a transporter.
 15103 | Gauntlet | Identified the amulet of Zocorgh {Reflect rElec SH+5}
 15324 | Gauntlet | Found a transporter.
 15367 | Gauntlet | Found a transporter.
 15831 | Lair:5   | Entered Level 5 of the Lair of Beasts
 15843 | Lair:5   | Reached skill level 10 in Shields
 15903 | Lair:5   | HP: 1/129 [cane toad (13)]
 17881 | Lair:5   | Reached skill level 10 in Invocations
 17881 | Lair:5   | Reached XP level 15. HP: 97/138 MP: 21/21
 18161 | Orc:1    | Entered Level 1 of the Orcish Mines
 18556 | Orc:2    | Entered Level 2 of the Orcish Mines
 19442 | Orc:2    | Found Atibeh's Antique Armour Boutique.
 19446 | Orc:2    | Found Leinlor Cias's Magic Scroll Shop.
 19869 | Orc:2    | Found a staircase to the Elven Halls.
 19918 | Orc:2    | Bought 3 scrolls of identify for 84 gold pieces
 19918 | Orc:2    | Bought a scroll of revelation for 105 gold pieces
 19989 | Orc:2    | Found Taytuo's Book Shop.
 20375 | Orc:2    | Found Husmaph's Book Emporium.
 21168 | Swamp:1  | Entered Level 1 of the Swamp
 21802 | Swamp:1  | Found a transporter.
 21812 | Swamp:1  | Found a bloodstained altar of Trog.
 21814 | Swamp:1  | Noticed Frank's ghost (journeyman DsFi)
 21840 | Swamp:1  | Found a transporter.
 22392 | Swamp:2  | Killed by an exploding bloated husk

Illustrated notes

Levels and vault maps discovered:
D:1:      dpeg_arrival_shelter, layout_rooms, grunt_decor_junction,
          serial_bayou_lagoon_a
D:2:      layout_loops_ring, grunt_decor_mini_mirrors,
          chequers_serial_rivers_micro_a
D:3:      layout_rooms, lemuel_tele_altar, nrook_mini_vaults, uniq_terence,
          uniq_ijyb
D:4:      minmay_evil_eye, layout_rooms, mainiacjoe_overflow_paths,
          serial_shops, nicolae_shop_rolled_up, uniq_natasha
D:5:      layout_gridville, nicolae_gozag_cash_rules_everything_around_me,
          marbit_many_paths, serial_glass, glass_columns_b, glass_columns_a,
          kennysheep_generic_room_2, uniq_crazy_yiuf_cottage
D:6:      layout_layer_cave, minmay_temple_entry_drinking_statues, serial_glass,
          glass_columns_c, glass_columns_c
D:7:      layout_cave_pools, yredelemnul_forgotten_temple_becter,
          enter_bailey_2, serial_gnoll_camp, gnoll_camp_mini_loothouse,
          gnoll_camp_mini_shop, gnoll_camp_mini_shop, gnoll_camp_mini_basic,
          nicolae_shop_i_like_big_books
D:8:      layout_layer_cave, serial_shops, shop, chequers_serial_rivers_small_3,
          hangedman_feature_mirror, st_stairs_2, minmay_misc_feat_ornament,
          corexii_mini_fake_secret_closet, uniq_maggie
D:9:      layout_rooms, gammafunk_ghost_stat_death, hangedman_incinerator,
          uniq_erica
D:10:     layout_cave_pools, lair_entry_dummy, david_orc_4, grunt_ministairs_11
Temple:   minmay_crystal_spiral_temple
Lair:1:   layout_regular_city, ebering_ghost_inner_flame,
          cheibrodos_lair_reptile_den, infiniplex_staircase_pool_2, uniq_urug
Lair:2:   gammafunk_lair_enchanted_lake, layout_regular_city
Lair:3:   nzn_winding_woodlands_medium [nzn_winding_woodlands_5x5_checkerboard,
          nzn_winding_woodlands_5x15_concentric,
          nzn_winding_woodlands_5x5_closed_star,
          nzn_winding_woodlands_5x5_three,
          nzn_winding_woodlands_center_diamonds,
          nzn_winding_woodlands_hourglass, nzn_winding_woodlands_5x5_perimeter,
          nzn_winding_woodlands_5x15_sidewinder,
          nzn_winding_woodlands_5x5_default], layout_regular_city,
          skrybe_swamp_entry_bodies, nicolae_spider_entry_orb_guardian
Lair:4:   layout_big_grid, slime_entry_1, gauntlet_entry_generic
Lair:5:   wormcave, layout_long_grid, hangedman_lair_tendril_chambers
Swamp:1:  layout_basic_swamp, gammafunk_ghost_wrathful_warriors,
          serial_swamp_ruin, evilmike_swamp_ruin_house_1,
          evilmike_swamp_ruin_rubble_2
Swamp:2:  nicolae_swamp_husk_halls, layout_falls_marsh,
          evilmike_swamp_ruin_house_2
Orc:1:    layout_caves, library_closet
Orc:2:    st_orc_town, layout_caves, serial_shops, nicolae_shop_waterfront,
          lemuel_statue_altar

Skill      XL: |  1  2  3  4  5  6  7  8  9 10 11 12 13 14 15 |
---------------+----------------------------------------------+-----
Dodging        | 1 2 3 4 5 6 8 9 10 11 12 13 | 13.1
Fighting       | 4 5 6 7 8 9 10 11 12 14 | 14.8
Shields        | 4 5 6 7 9 12 13 | 13.6
Armour         | 4 5 6 7 8 9 10 11 12 14 | 14.7
Polearms       | 3 |  3.1
Long Blades    | 1 2 3 4 5 6 8 9 11 12 13 14 | 14.1
Evocations     | 2 3 5 6 7 |  7.8
Invocations    | 2 4 6 7 8 10 | 10.2

Action                     |  1- 3 |  4- 6 |  7- 9 | 10-12 | 13-15 || total
---------------------------+-------+-------+-------+-------+-------++-------
  Melee: Trident           |    89 |       |       |       |       ||    89
         Headbutt          |    11 |    19 |    82 |   210 |   306 ||   628
         Falchion          |     3 |    83 |   364 |   781 |   196 ||  1427
         Unarmed           |       |    20 |     4 |       |       ||    24
         Long sword        |       |       |       |       |   798 ||   798
         Scimitar          |       |       |       |       |   113 ||   113
 Invoke: Line Pass         |       |       |       |     1 |       ||     1
         Stomp             |       |       |       |       |     7 ||     7
  Evoke: Wand              |       |       |       |     2 |     3 ||     5
         Tin of tremorston |       |       |       |       |     1 ||     1
    Use: Scroll            |       |       |     9 |     8 |    11 ||    28
         Potion            |       |       |     1 |     3 |     1 ||     5
   Stab: Confused          |       |     1 |       |     1 |       ||     2
         Paralysed         |       |       |    12 |    47 |    98 ||   157
         Distracted        |       |       |       |     1 |     1 ||     2
 Armour: Scale mail        |    16 |       |       |       |       ||    16
         Chain mail        |    45 |    88 |    82 |       |       ||   215
         Skin              |       |     9 |     1 |       |       ||    10
         Plate armour      |       |       |   242 |   532 |   568 ||  1342
  Dodge: Dodged            |    58 |    82 |   180 |   397 |   425 ||  1142
  Block: Buckler           |    21 |    27 |   117 |   248 |   111 ||   524
         Tower shield      |       |       |       |       |   924 ||   924
         Reflection        |       |       |       |       |    11 ||    11
